 Dungeon Crawl Stone Soup version 0.19-a0-1662-gb81896f (webtiles) character file.

6750 Banto the Carver (level 10, -5/71 HPs)
             Began as a High Elf Skald on Sept 21, 2016.
             Was an Elder of Okawaru.
             Slain by an orc warrior
             ... wielding a +0 trident
              (18 damage)
             ... on level 9 of the Dungeon.
             The game lasted 00:18:11 (10347 turns).

Banto the Carver (High Elf Skald)                  Turns: 10347, Time: 00:18:11

Health: -5/71      AC:  5    Str: 17    XL:     10   Next: 75%
Magic:  13/14      EV: 24    Int: 15    God:    Okawaru [****..]
Gold:   367        SH:  0    Dex: 20    Spells: 3 memorised, 7 levels left

rFire  . . .     SeeInvis .     a - +2 long sword (holy)
rCold  . . .     Gourm    .     A - +0 leather armour (curse)
rNeg   . . .     Faith    .     (no shield)
rPois  .         Spirit   .     (no helmet)
rElec  .         Dismiss  .     J - +0 cloak
rCorr  .         Reflect  .     f - +0 pair of gloves
MR     +....     Harm     .     (no boots)
Stlth  ++........               M - amulet of regeneration
                                w - +6 ring of strength
                                m - +4 ring of evasion

@: infused (expiring)
A: no striking features
a: Heroism, Renounce Religion


You were on level 9 of the Dungeon.
You worshipped Okawaru.
Okawaru was greatly pleased with you.
You were not hungry.

You visited 1 branch of the dungeon, and saw 9 of its levels.

You collected 493 gold pieces.
You spent 126 gold pieces at shops.

Inventory:

Hand Weapons
 a - a +2 long sword of holy wrath (weapon)
 b - a +2 dagger of draining
Missiles
 I - 2 throwing nets (quivered)
Armour
 c - a +1 leather armour of cold resistance
 f - a +0 pair of gloves (worn)
 i - a +1 shield of cold resistance
 A - a cursed +0 leather armour (worn)
 J - a +0 cloak (worn)
Jewellery
 m - a +4 ring of evasion (left hand)
 w - a +6 ring of strength (right hand)
 E - an uncursed ring of fire
 G - an uncursed ring of positive energy
 M - an amulet of regeneration (around neck)
 N - an uncursed ring of protection from magic
Wands
 o - a wand of confusion (11/48)
Scrolls
 j - a scroll of fog
 l - 6 scrolls of amnesia
 r - 3 scrolls of teleportation
 s - 2 scrolls of recharging
 x - a scroll of fear
 y - 4 scrolls of remove curse
Potions
 e - 2 potions of haste
 g - a potion of heal wounds {unknown}
 h - 3 potions of curing
 k - 2 potions of mutation {unknown}
 p - 3 potions of lignification
 q - 3 potions of flight
 v - a potion of brilliance {unknown}
 z - 2 potions of magic {unknown}
 B - a potion of cancellation {unknown}
 L - a potion of invisibility {unknown}
Comestibles
 d - 4 bread rations
 n - 8 fruits
 t - 3 meat rations
 u - 3 beef jerkies
 D - a slice of pizza
 K - 7 royal jellies


   Skills:
 + Level 7.2 Fighting
 - Level 13.0 Long Blades
 - Level 0.8 Armour
 - Level 10.1 Dodging
 - Level 2.4 Spellcasting
 - Level 3.6 Charms
 + Level 3.7 Evocations


You had 7 spell levels left.
You knew the following spells:

 Your Spells              Type           Power        Failure   Level  Hunger
a - Infusion              Chrm           ##..         8%          1    #......
b - Song of Slaying       Chrm           ##......     12%         2    ###....
c - Regeneration          Chrm/Necr      #.........   41%         3    ###....


Dungeon Overview and Level Annotations

Branches:
Dungeon (9/15)             Temple (0/1) D:7             Orc (0/2) D:9
   Lair: D:8-11

Altars:
Cheibriados
Dithmenos
Fedhas
Kikubaaqudgha
Nemelex Xobeh
Okawaru
Qazlal
Sif Muna
Trog
Vehumet
The Shining One

Shops:
D:8 *%%(

Annotations:
D:9 exclusion: ice statue


Message History

You hit the orc warrior!
The orc warrior is almost dead.
The orc warrior hits you with a trident!!
You take 21 damage, and have 44/71 hp.
MASSIVE DAMAGE!!
You now have 12/14 mp.
You closely miss the orc warrior.
The orc warrior is almost dead.
The orc warrior hits you with a trident!
You take 15 damage, and have 29/71 hp.
MASSIVE DAMAGE!!
Your leather armour prevents you from hitting the orc warrior.
The orc warrior is almost dead.
You hit the orc warrior but do no damage.
The orc warrior is almost dead.
The orc warrior hits you with a trident!!
* * * LOW HITPOINT WARNING * * *
You take 20 damage, and have 10/71 hp.
MASSIVE DAMAGE!!
The orc warrior misses you.
Your magical infusion is running out.
There is a stone staircase leading up here.
The orc warrior hits you from afar with a trident!!
You die...

# #.# #.# #.# #.#####.(.. # #.#
#.# #.# #.......### # #.# #.# #.#
#(#####.# ####.# #.# #.# #.# #.#
.....# #.# #.######.# #o# ####.#
#.# #....)...# #.# # #.# #.#
#.######.# #o# # #.# #.# #.# #.#
#.# # #.# #.# #@# #.# #.# # #.#
#.# #.# #.# #.#
####.#####.#####o######.#####.###
.................o.o5............
#################################


You could see an orc warrior and an orc.

Vanquished Creatures
  The ghost of onono the Covert, a novice SpEn of Ru (D:9)
  Joseph (D:9)
  A centaur zombie (D:8)
  A queen bee (D:8)
  2 hippogriffs
  A wraith (D:9)
  Grum (D:8)
  Eustachio (D:5)
  2 black bears (D:6)
  3 ice beasts
  A phantom (D:8)
  3 wolves (D:8)
  2 ogres
  3 centaurs (D:9)
  2 big kobolds
  Blork the orc (D:4)
  An elf zombie (D:9)
  3 gnoll sergeants
  5 bullfrogs
  A scorpion (D:4)
  A troll zombie (D:9)
  14 killer bees
  5 wights (D:7)
  5 human zombies (D:9)
  A quasit (D:8)
  3 crimson imps
  9 hounds
  2 orc wizards
  A bullfrog skeleton (D:6)
  7 orc priests
  3 jellies
  A gnoll shaman (D:8)
  2 iguanas
  10 worker ants
  A killer bee zombie (D:7)
  2 hound skeletons
  A worker ant zombie (D:8)
  4 mummies (D:9)
  12 gnolls
  13 adders
  A shadow imp (D:5)
  An ooze (D:3)
  4 adder skeletons
  4 worms
  2 dart slugs
  3 leopard geckos
  18 orcs
  3 ball pythons
  5 bats
  5 giant cockroaches
  11 goblins
  7 hobgoblins
  7 jackals
  4 quokkas
  2 frilled lizards (D:1)
  2 jackal skeletons
  12 kobolds
  A quokka zombie (D:5)
  21 rats
246 creatures vanquished.

Notes
Turn   | Place    | Note
-------+----------+-------------------------------------------
     0 | D:1      | Banto the High Elf Skald began the quest for the Orb.
     0 | D:1      | Reached XP level 1. HP: 14/14 MP: 4/4
    25 | D:1      | Reached skill level 3 in Long Blades
    30 | D:1      | Reached XP level 2. HP: 8/19 MP: 1/6
   273 | D:1      | Learned a level 2 spell: Song of Slaying
   584 | D:1      | Reached XP level 3. HP: 15/24 MP: 3/7
   752 | D:1      | Reached skill level 4 in Long Blades
  1116 | D:2      | Found a radiant altar of Vehumet.
  1550 | D:2      | Reached XP level 4. HP: 20/29 MP: 1/8
  1825 | D:2      | Found a snail-covered altar of Cheibriados.
  1967 | D:3      | Reached skill level 5 in Long Blades
  2004 | D:3      | Found a shadowy altar of Dithmenos.
  2040 | D:3      | Found a blossoming altar of Fedhas.
  2042 | D:3      | Found a deep blue altar of Sif Muna.
  2448 | D:3      | Reached XP level 5. HP: 26/34 MP: 9/9
  2863 | D:4      | Reached skill level 6 in Long Blades
  3012 | D:4      | Found an iron altar of Okawaru.
  3171 | D:4      | Found a bloodstained altar of Trog.
  3174 | D:4      | Reached XP level 6. HP: 39/39 MP: 10/10
  3278 | D:4      | Reached skill level 7 in Long Blades
  3304 | D:4      | Found a stormy altar of Qazlal.
  3568 | D:4      | Reached XP level 7. HP: 27/45 MP: 6/11
  3587 | D:4      | Reached skill level 8 in Long Blades
  3771 | D:4      | Noticed Blork the orc
  3778 | D:4      | Killed Blork the orc
  3960 | D:5      | Entered Level 5 of the Dungeon
  3960 | D:5      | Noticed Eustachio
  3973 | D:5      | Killed Eustachio
  3973 | D:5      | Reached skill level 5 in Dodging
  4245 | D:5      | Reached skill level 9 in Long Blades
  5445 | D:6      | Reached XP level 8. HP: 36/50 MP: 12/12
  5657 | D:6      | Reached skill level 10 in Long Blades
  6190 | D:6      | Reached skill level 11 in Long Blades
  6327 | D:7      | Found a glowing golden altar of the Shining One.
  6333 | D:7      | Reached XP level 9. HP: 39/54 MP: 5/13
  6438 | D:4      | Became a worshipper of Warmaster Okawaru
  6576 | D:7      | Noticed a moth of wrath
  6579 | D:7      | Found a bloodstained altar of Trog.
  6714 | D:7      | Reached skill level 12 in Long Blades
  6758 | D:7      | Found a staircase to the Ecumenical Temple.
  6818 | D:7      | Found a sparkling altar of Nemelex Xobeh.
  7072 | D:8      | Noticed a queen bee
  7708 | D:8      | Killed a queen bee
  7708 | D:8      | Reached * piety under Okawaru
  7708 | D:8      | Reached skill level 13 in Long Blades
  8008 | D:8      | Found Kisiar's Antique Weapon Boutique.
  8135 | D:8      | Found Vofeemm's Food Shop.
  8215 | D:8      | Found Bimu's Food Boutique.
  8313 | D:8      | Found Muts's Assorted Antiques.
  8324 | D:8      | Bought a scroll labeled TAEFAC URPHUHED for 21 gold pieces
  8324 | D:8      | Bought a tiny golden amulet for 105 gold pieces
  8345 | D:8      | Learned a level 3 spell: Regeneration
  8457 | D:8      | Reached ** piety under Okawaru
  8525 | D:8      | Reached XP level 10. HP: 64/64 MP: 10/14
  8673 | D:8      | Noticed Grum
  8705 | D:8      | Killed Grum
  8752 | D:8      | Reached skill level 5 in Fighting
  8989 | D:9      | Reached *** piety under Okawaru
  9080 | D:9      | Noticed onono's ghost (novice SpEn)
  9187 | D:9      | Killed onono's ghost
  9187 | D:9      | Reached skill level 10 in Dodging
  9333 | D:9      | Reached skill level 1 in Evocations
  9434 | D:9      | Found a runed door.
  9457 | D:9      | Found a staircase to the Orcish Mines.
  9719 | D:9      | Found an ancient bone altar of Kikubaaqudgha.
  9750 | D:9      | Reached **** piety under Okawaru
  9823 | D:9      | Noticed an ice statue
  9998 | D:9      | Noticed Joseph
 10072 | D:9      | Killed Joseph
 10347 | D:9      | Slain by an orc warrior

Vault maps used:
D:1:      erik_arrival_orb_chamber
D:2:      lemuel_coloured_pillars_altar, old_standard_altar, first_bread,
          hangedman_abyss_or_decor_stabs, serial_bayou_lagoon_a,
          minmay_goblin_outpost
D:3:      lemuel_upstairs_altar, lemuel_round_altar, grunt_temple_overflow_open
D:4:      marbit_many_paths, nicolae_overflow_hidden_temple, old_standard_altar,
          cheibrodos_gnoll_hut, uniq_blork_the_orc
D:5:      wad_floor_pattern_1, uniq_eustachio
D:6:      hangedman_minor_gate_pass
D:7:      kennysheep_mini_moat, nemelex_altar_shiori, tgw_trog
D:8:      serial_shops, shop, shop, nicolae_shop_stone, shop, david_nohive_1,
          minmay_fountain_box, uniq_grum
D:9:      lemuel_ice_statue, david_orc_3, minmay_st_funbox,
          lemuel_mausoleum_altar_kikubaaqudgha, uniq_joseph

Skill      XL: |  1  2  3  4  5  6  7  8  9 10 |
---------------+-------------------------------+-----
Long Blades    | 3 4 5 6 7 9 11 13 | 13.0
Dodging        | 2 3 4 5 7 9 10 | 10.1
Fighting       | 4 7 |  7.2
Evocations     | 3 |  3.7
Armour         | |  0.8
Spellcasting   | |  2.4
Charms         | |  3.6

Action                   |  1- 3 |  4- 6 |  7- 9 | 10-12 || total
-------------------------+-------+-------+-------+-------++-------
Melee: Falchion          |   163 |    72 |       |       ||   235
       Dagger            |       |   110 |   483 |   100 ||   693
       Long sword        |       |       |    81 |   262 ||   343
Throw: Throwing net      |       |       |       |     2 ||     2
 Cast: Infusion          |     6 |     6 |    19 |     5 ||    36
       Song of Slaying   |     2 |       |     1 |     2 ||     5
       Regeneration      |       |       |       |     1 ||     1
Evoke: Wand              |       |       |     6 |     6 ||    12
  Use: Scroll            |     3 |     4 |     4 |     3 ||    14
       Potion            |       |       |     1 |       ||     1
 Stab: Sleeping          |     1 |    11 |     5 |     3 ||    20
       Confused          |       |       |     5 |     2 ||     7
  Eat: Chunk             |     2 |     7 |    16 |     7 ||    32
Armor: Leather armour    |    26 |    27 |    42 |    25 ||   120
Dodge: Dodged            |    94 |   100 |   446 |   227 ||   867

Table legend:
 A = Turns spent in this place as a percentage of turns spent in the entire game.
 B = Non-inter-level travel turns spent in this place as a percentage of non-inter-level travel turns spent in the entire game.
 C = Inter-level travel turns spent in this place as a percentage of turns spent in this place.
 D = Turns resting spent in this place as a percentage of non-inter-level travel turns spent in this place.
 E = Turns spent auto-exploring this place as a percentage of non-inter-level travel turns spent in this place.
 F = Non-inter-level travel turns spent in this place divided by the number of levels of this place that you've seen.
                   A       B       C       D       E      F
               +-------+-------+-------+-------+-------+----------------------
         Total | 100.0 | 100.0 |   0.5 |   3.8 |   8.9 | 367.6
       Dungeon | 100.0 | 100.0 |   0.5 |   3.8 |   8.9 | 367.6
               +-------+-------+-------+-------+-------+----------------------

Table legend:
 A = Kills in this place as a percentage of kills in entire the game.
 B = Kills by you in this place as a percentage of kills by you in the entire game.
 C = Kills by friends in this place as a percentage of kills by friends in the entire game.
 D = Other kills in this place as a percentage of other kills in the entire game.
 E = Experience gained in this place as a percentage of experience gained in the entire game.
 F = Experience gained in this place divided by the number of levels of this place that you have seen.
                   A       B       C       D       E      F
               +-------+-------+-------+-------+-------+----------------------
         Total | 100.0 | 100.0 |  -nan |  -nan | 100.0 | 1071.6
       Dungeon | 100.0 | 100.0 |  -nan |  -nan | 100.0 | 1071.6
               +-------+-------+-------+-------+-------+----------------------
